SL
ATHLETIC CLUB KC @ WIZARDING EXPRESS
09/21/2031
 
TOP OF THE 1ST
Athletic Club KC batting - Pitching for Wizarding Express : RHP Ralph McKinney
Pitching: RHP Ralph McKinney
Batting: LHB Manuel Domínguez 0-0: Called Strike
0-1: Ball
1-1: Fly out, F9 (Flyball, 89M)
Batting: RHB Jesús Vargas 0-0: Called Strike
0-1: Ball
1-1: Ball
2-1: Foul Ball, location: 2F
2-2: Ball
3-2: SINGLE (Line Drive, 78S)
Batting: LHB Tsai Ng 0-0: Ball
Jesús Vargas steals 2nd base
1-0: Ball
2-0: Ball
3-0: Called Strike
3-1: Swinging Strike
3-2: Foul Ball, location: 2F
3-2: SINGLE (Line Drive, 8LS)
Jesús Vargas to third
Runner from 3rd tries for Home, SAFE, no throw
Batting: SHB Pedro Vázquez 0-0: Ball
1-0: Ball
2-0: Foul Ball, location: 2F
2-1: Fly out, F6 (Line Drive, 6)
Batting: LHB Jesús Reyes 0-0: Called Strike
0-1: Foul Ball, location: 2F
0-2: Ball
1-2: Fly out, F7 (Flyball, 78D)
Top of the 1st over - 1 run, 2 hits, 0 errors, 1 left on base; Athletic Club KC 1 - Wizarding 0
BOTTOM OF THE 1ST
Wizarding Express batting - Pitching for Athletic Club KC : LHP Ash Ibarra
Pitching: LHP Ash Ibarra
Batting: LHB José Corona 0-0: Foul Ball, location: 2F
0-1: Ball
1-1: Ball
2-1: Swinging Strike
2-2: Ball
3-2: Fly out, F9 (Flyball, 9)
Batting: RHB Frank Grimes 0-0: Swinging Strike
0-1: Ball
1-1: Ball
2-1: Ground out 6-3 (Groundball, 6)
Batting: RHB António Martínez 0-0: Ball
1-0: Ball
2-0: Called Strike
2-1: Called Strike
2-2: Ground out 6-3 (Groundball, 6MD)
Bottom of the 1st over - 0 runs, 0 hits, 0 errors, 0 left on base; Athletic Club KC 1 - Wizarding 0
TOP OF THE 2ND
Athletic Club KC batting - Pitching for Wizarding Express : RHP Ralph McKinney
Batting: SHB Sul-shik Yu 0-0: Ball
1-0: Ball
2-0: Ball
3-0: Called Strike
3-1: Foul Ball, location: 2F
3-2: Fly out, F3 (Line Drive, 3)
Batting: RHB Andrés Rodríguez 0-0: Ball
1-0: SINGLE (Groundball, 34D)
Batting: RHB Pedro Solís 0-0: Ball
Andrés Rodríguez is caught stealing 2nd base
1-0: Ground out 6-3 (Groundball, 56D)
Top of the 2nd over - 0 runs, 1 hit, 0 errors, 0 left on base; Athletic Club KC 1 - Wizarding 0
BOTTOM OF THE 2ND
Wizarding Express batting - Pitching for Athletic Club KC : LHP Ash Ibarra
Batting: RHB Ralph Cranford 0-0: Ball
1-0: Ball
2-0: Called Strike
2-1: Ground out 6-3 (Groundball, 6MS)
Batting: LHB Nathan Tanner 0-0: Called Strike
0-1: Foul Ball, location: 2F
0-2: Ball
1-2: Foul Ball, location: 2F
1-2: SINGLE (Groundball, 2L) (infield hit)
Batting: RHB Paul Penrice 0-0: Swinging Strike
0-1: Ground out 6-3 (Groundball, 6S)
Nathan Tanner to second
Batting: SHB Salvador Trevino 0-0: Ball
1-0: Ball
2-0: Ball
3-0: Called Strike
3-1: Called Strike
3-2: Base on Balls
Batting: LHB António Boccanegra 0-0: Called Strike
0-1: Foul Ball, location: 2F
0-2: Ball
1-2: Ball
2-2: Foul Ball, location: 2F
2-2: Ball
3-2: SINGLE (Flyball, 7S)
Nathan Tanner to third
Salvador Trevino to second
Nathan Tanner scores
Salvador Trevino to third
Batting: LHB David Breitling 0-0: Called Strike
0-1: SINGLE (Groundball, 5S) (infield hit)
Salvador Trevino scores
António Boccanegra to second
Batting: LHB José Corona 0-0: Ball
1-0: Foul Ball, location: 2F
1-1: Foul Ball, location: 2F
1-2: Ball
2-2: Foul Ball, location: 2F
2-2: Ball
3-2: Base on Balls
António Boccanegra to third
David Breitling to second
Batting: RHB Frank Grimes 0-0: Reached on error, E4 (Groundball, 34)
António Boccanegra scores
David Breitling to third
José Corona to second
Batting: RHB António Martínez 0-0: Ball
1-0: Fielders Choice at 2nd, 6-4 (Groundball, 6)
Bottom of the 2nd over - 3 runs, 3 hits, 1 error, 3 left on base; Athletic Club KC 1 - Wizarding 3
TOP OF THE 3RD
Athletic Club KC batting - Pitching for Wizarding Express : RHP Ralph McKinney
Batting: RHB Khal Drogo 0-0: Ball
1-0: Ball
2-0: Called Strike
2-1: SINGLE (Flyball, 9S)
Batting: LHB Manuel Domínguez 0-0: Ball
1-0: Foul Ball, location: 2F
1-1: Ball
2-1: Grounds into double play, 4-6-3 (Groundball, 4)
Batting: RHB Jesús Vargas 0-0: SOLO HOME RUN (Flyball, 78XD), Distance : 389 ft
Batting: LHB Tsai Ng 0-0: Called Strike
0-1: Swinging Strike
0-2: Strikes out swinging
Top of the 3rd over - 1 run, 2 hits, 0 errors, 0 left on base; Athletic Club KC 2 - Wizarding 3
BOTTOM OF THE 3RD
Wizarding Express batting - Pitching for Athletic Club KC : LHP Ash Ibarra
Batting: RHB Ralph Cranford 0-0: Ball
1-0: Ball
2-0: Called Strike
2-1: Fly out, F8 (Flyball, 8RD)
Batting: LHB Nathan Tanner 0-0: Ball
1-0: SINGLE (Line Drive, 7S)
Batting: RHB Paul Penrice 0-0: Ball
1-0: Foul Ball, location: 2F
1-1: SINGLE (Groundball, 6MD)
Nathan Tanner to second
Runner from 2nd tries for 3rd, SAFE, no throw
Batting: SHB Salvador Trevino 0-0: Called Strike
0-1: Called Strike
0-2: Ball
1-2: Ball
2-2: Fly out, F7 (Line Drive, 7S)
Runner from 3rd tags up, SCORES, no throw
Batting: LHB António Boccanegra 0-0: Called Strike
0-1: Foul Ball, location: 2F
0-2: Ball
1-2: Foul Ball, location: 2F
1-2: Ball
2-2: Foul Ball, location: 2F
2-2: Foul Ball, location: 2F
2-2: Ground out 4-3 (Groundball, 34)
Bottom of the 3rd over - 1 run, 2 hits, 0 errors, 1 left on base; Athletic Club KC 2 - Wizarding 4
TOP OF THE 4TH
Athletic Club KC batting - Pitching for Wizarding Express : RHP Ralph McKinney
Batting: SHB Pedro Vázquez 0-0: Called Strike
0-1: Ball
1-1: Ground out 1-3 (Groundball, P)
Batting: LHB Jesús Reyes 0-0: Ball
1-0: Ball
2-0: Ball
3-0: Called Strike
3-1: Base on Balls
Batting: SHB Sul-shik Yu 0-0: Called Strike
0-1: Ball
1-1: Ball
2-1: Foul Ball, location: 2F
2-2: Strikes out swinging
Batting: RHB Andrés Rodríguez 0-0: Swinging Strike
0-1: Foul Ball, location: 2F
0-2: Ball
1-2: SINGLE (Line Drive, 6D)
Jesús Reyes to second
Batting: RHB Pedro Solís 0-0: Fly out, F7 (Flyball, 7LD)
Top of the 4th over - 0 runs, 1 hit, 0 errors, 2 left on base; Athletic Club KC 2 - Wizarding 4
BOTTOM OF THE 4TH
Wizarding Express batting - Pitching for Athletic Club KC : LHP Ash Ibarra
Batting: LHB David Breitling 0-0: Foul Ball, location: 2F
0-1: Ball
1-1: Foul Ball, location: 2F
1-2: Ball
2-2: Ball
3-2: Base on Balls
Batting: LHB José Corona 0-0: Ball
1-0: Ball
2-0: Fielders Choice at 2nd, 6-4 (Groundball, 6)
Batting: RHB Frank Grimes 0-0: Ball
1-0: SINGLE (Groundball, 56D)
José Corona to second
Batting: RHB António Martínez 0-0: Called Strike
0-1: Ball
1-1: Foul Ball, location: 2F
1-2: Ball
Wild Pitch!
José Corona to third
Frank Grimes to second
2-2: Ball
3-2: SINGLE (Groundball, 6D)
José Corona scores
Frank Grimes to third
Runner from 3rd tries for Home, SAFE, no throw
Batting: RHB Ralph Cranford 0-0: Ball
1-0: Swinging Strike
1-1: Called Strike
1-2: Ball
António Martínez steals 2nd base
2-2: Ball
3-2: Ground out 6-3 (Groundball, 6MS)
António Martínez to third
Batting: LHB Nathan Tanner 0-0: Swinging Strike
0-1: Ball
1-1: Ball
2-1: Ball
3-1: Swinging Strike
3-2: SINGLE (Groundball, 6MD)
António Martínez scores
Batting: RHB Paul Penrice 0-0: Called Strike
0-1: Ball
1-1: Ball
Nathan Tanner steals 2nd base
2-1: Foul Ball, location: 2F
2-2: Ball
3-2: Foul Ball, location: 2F
3-2: Ground out 6-3 (Groundball, 6)
Bottom of the 4th over - 3 runs, 3 hits, 0 errors, 1 left on base; Athletic Club KC 2 - Wizarding 7
TOP OF THE 5TH
Athletic Club KC batting - Pitching for Wizarding Express : RHP Ralph McKinney
Batting: RHB Khal Drogo 0-0: Foul Ball, location: 2F
0-1: Ball
1-1: Foul Ball, location: 2F
1-2: Strikes out swinging
Batting: LHB Manuel Domínguez 0-0: Called Strike
0-1: Called Strike
0-2: Strikes out looking
Batting: RHB Jesús Vargas 0-0: Ball
1-0: Swinging Strike
1-1: Swinging Strike
1-2: Ball
2-2: Ground out 5-3 (Groundball, 56S)
Top of the 5th over - 0 runs, 0 hits, 0 errors, 0 left on base; Athletic Club KC 2 - Wizarding 7
BOTTOM OF THE 5TH
Wizarding Express batting - Pitching for Athletic Club KC : LHP Ash Ibarra
Batting: SHB Salvador Trevino 0-0: DOUBLE (Flyball, 8RXD)
Pitching: RHP Felipe Aiba
Batting: LHB António Boccanegra 0-0: Called Strike
0-1: Foul Ball, location: 2F
0-2: Foul Ball, location: 2F
0-2: Ball
1-2: Fly out, F8 (Flyball, 8RM)
Batting: LHB David Breitling 0-0: Ball
1-0: Foul Ball, location: 2F
1-1: Foul Ball, location: 2F
1-2: Foul Ball, location: 2F
1-2: Fly out, F9 (Flyball, 89S)
Batting: LHB José Corona 0-0: Ball
1-0: Ball
2-0: Ball
3-0: Base on Balls
Batting: RHB Frank Grimes 0-0: Called Strike
0-1: Ball
Wild Pitch!
Salvador Trevino to third
José Corona to second
1-1: Swinging Strike
1-2: Foul Ball, location: 2F
1-2: Strikes out looking
Bottom of the 5th over - 0 runs, 1 hit, 0 errors, 2 left on base; Athletic Club KC 2 - Wizarding 7
TOP OF THE 6TH
Athletic Club KC batting - Pitching for Wizarding Express : RHP Ralph McKinney
Batting: LHB Tsai Ng 0-0: Ball
1-0: Ball
2-0: SOLO HOME RUN (Line Drive, 9LD), Distance : 347 ft
Batting: SHB Pedro Vázquez 0-0: Called Strike
0-1: Ball
1-1: Ball
2-1: SINGLE (Groundball, 5D)
Batting: LHB Jesús Reyes 0-0: Fly out, F7 (Flyball, 7S)
Batting: SHB Sul-shik Yu 0-0: Called Strike
0-1: Ball
1-1: Ball
2-1: Ball
3-1: Fielders Choice at 2nd, 1-6 (Groundball, 13)
Batting: RHB Andrés Rodríguez 0-0: Called Strike
0-1: Foul Ball, location: 2F
0-2: Foul Ball, location: 2F
0-2: Fielders Choice at 2nd, 6-4 (Groundball, 6)
Top of the 6th over - 1 run, 2 hits, 0 errors, 1 left on base; Athletic Club KC 3 - Wizarding 7
BOTTOM OF THE 6TH
Wizarding Express batting - Pitching for Athletic Club KC : RHP Felipe Aiba
Batting: RHB António Martínez 0-0: Ball
1-0: Fly out, F8 (Line Drive, 8LD)
Batting: RHB Ralph Cranford 0-0: Swinging Strike
0-1: Foul Ball, location: 2F
0-2: Strikes out looking
Batting: LHB Nathan Tanner 0-0: Fly out, F8 (Flyball, 8LM)
Bottom of the 6th over - 0 runs, 0 hits, 0 errors, 0 left on base; Athletic Club KC 3 - Wizarding 7
TOP OF THE 7TH
Athletic Club KC batting - Pitching for Wizarding Express : RHP Ralph McKinney
Batting: RHB Pedro Solís 0-0: SINGLE (Flyball, 78M)
Batting: RHB Khal Drogo 0-0: Called Strike
0-1: Ball
1-1: Ball
2-1: Called Strike
2-2: Strikes out swinging
Pitching: RHP Juan Cantú
Batting: LHB Manuel Domínguez 0-0: Foul Ball, location: 2F
Balk!
Pedro Solís to second
0-1: Swinging Strike
0-2: Foul Ball, location: 2F
0-2: Foul Ball, location: 2F
0-2: Foul Ball, location: 2F
0-2: Ball
1-2: Ball
2-2: Strikes out swinging
Batting: RHB Jesús Vargas 0-0: DOUBLE (Flyball, 9LD)
Pedro Solís scores
Batting: LHB Tsai Ng 0-0: Ball
1-0: Ball
2-0: Called Strike
2-1: Foul Ball, location: 2F
2-2: Foul Ball, location: 2F
2-2: Strikes out swinging
Top of the 7th over - 1 run, 2 hits, 0 errors, 1 left on base; Athletic Club KC 4 - Wizarding 7
BOTTOM OF THE 7TH
Wizarding Express batting - Pitching for Athletic Club KC : RHP Felipe Aiba
Batting: RHB Paul Penrice 0-0: Called Strike
0-1: Ball
1-1: Foul Ball, location: 2F
1-2: Ball
2-2: Fly out, F7 (Line Drive, 7)
Batting: SHB Salvador Trevino 0-0: Foul Ball, location: 2F
0-1: SINGLE (Line Drive, 8LS)
Batting: LHB António Boccanegra 0-0: Called Strike
0-1: Grounds into double play, 5-4-3 (Groundball, 5)
Bottom of the 7th over - 0 runs, 1 hit, 0 errors, 0 left on base; Athletic Club KC 4 - Wizarding 7
TOP OF THE 8TH
Athletic Club KC batting - Pitching for Wizarding Express : RHP Juan Cantú
Batting: SHB Pedro Vázquez 0-0: Ball
1-0: Foul Ball, location: 2F
1-1: Swinging Strike
1-2: Foul Ball, location: 2F
1-2: Ball
2-2: Strikes out swinging
Batting: LHB Jesús Reyes 0-0: Ball
1-0: Swinging Strike
1-1: Called Strike
1-2: Ball
2-2: Strikes out swinging
Batting: SHB Sul-shik Yu 0-0: Ball
1-0: Ball
2-0: Ball
3-0: Base on Balls
Batting: RHB Andrés Rodríguez 0-0: Swinging Strike
0-1: Ball
1-1: Ground out 5-3 (Groundball, 56)
Top of the 8th over - 0 runs, 0 hits, 0 errors, 1 left on base; Athletic Club KC 4 - Wizarding 7
BOTTOM OF THE 8TH
Wizarding Express batting - Pitching for Athletic Club KC : RHP Felipe Aiba
Pitching: RHP Raúl Luna
Batting: LHB David Breitling 0-0: Called Strike
0-1: Swinging Strike
0-2: Foul Ball, location: 2F
0-2: Ball
1-2: Strikes out swinging
Batting: LHB José Corona 0-0: Swinging Strike
0-1: Ball
1-1: Ground out 6-3 (Groundball, 6D)
Batting: RHB Frank Grimes 0-0: Ball
1-0: Swinging Strike
1-1: Fly out, F8 (Flyball, 8LD)
Bottom of the 8th over - 0 runs, 0 hits, 0 errors, 0 left on base; Athletic Club KC 4 - Wizarding 7
TOP OF THE 9TH
Athletic Club KC batting - Pitching for Wizarding Express : RHP Juan Cantú
Pitching: LHP Dorian Daly
Batting: RHB Pedro Solís 0-0: Called Strike
0-1: Ground out 6-3 (Groundball, 6M)
Batting: RHB Khal Drogo 0-0: Foul Ball, location: 2F
0-1: SINGLE (Flyball, 7S)
Batting: LHB Manuel Domínguez 0-0: Ball
1-0: Swinging Strike
1-1: Swinging Strike
1-2: Fly out, F7 (Flyball, 7)
Batting: RHB Jesús Vargas 0-0: Ball
1-0: Swinging Strike
1-1: Foul Ball, location: 2F
1-2: Ball
2-2: Fly out, F3 (Line Drive, 3)
Top of the 9th over - 0 runs, 1 hit, 0 errors, 1 left on base; Athletic Club KC 4 - Wizarding 7
Tuesday, June 12th, 2018 - OOTP Baseball 18.8 Build 76